AoeStats
← Alleggs

Arabia

510859885Analyzed
3v3 RM · 9h ago on Oct 2, 2026· 27m 50s· 6 players
Game mode
Random Map
Map size
Normal (6 player)
Population
200
Speed
Normal
Resources
Standard
Victory
Conquest
Starting age
Dark Age
Ending age
Imperial Age
RankedLock teamsTeams togetherTeam positionsShared explorationLock speedFull tech treeHidden civsTurbo modeCheats
Victory
Defeat
🇩🇪 Tatars · Germany
946
+44
🇦🇷 Vietnamese · Argentina
927
+16
862
+19
🇳🇱 Spanish · Netherlands
945
-17
🇩🇪 Maya · Germany
929
-17
🇳🇱 Franks · Netherlands
902
-16
Prutser
11:42 Feudal Age
Pandinus
0:31 Loom
11:29 Feudal Age
17:37 Castle Age
Ryu
10:19 Loom
12:05 Feudal Age
16:55 Castle Age
15:10 Double-Bit Axe
16:29 Horse Collar
23:03 Scale Barding Armor
23:15 Gold Mining
24:09 Forging
26:50 Bloodlines
26:42 Husbandry
drip_trpz #Grandma Peek
9:33 Feudal Age
10:41 Double-Bit Axe
16:57 Fletching
17:07 Padded Archer Armor
24:18 Castle Age
24:48 Crossbowman
25:37 Thumb Ring
28:03 Bow Saw
Alleggs
8:01 Loom
10:11 Feudal Age
11:08 Double-Bit Axe
11:38 Horse Collar
22:54 Castle Age
23:04 Bloodlines
24:00 Bow Saw
24:04 Scale Barding Armor
24:12 Forging
24:07 Husbandry
27:03 Chain Barding Armor
Saga
7:52 Loom
10:26 Feudal Age
13:16 Double-Bit Axe
13:12 Horse Collar
16:13 Fletching
24:41 Castle Age
22:49 Padded Archer Armor
24:50 Gold Mining
25:45 Thumb Ring
25:56 Crossbowman
27:09 Ballistics
28:01 Bow Saw
Connection lost

Rejoining the realm…

Still unreachable

The connection could not be restored.

Session expired

The server has moved on; the page needs a fresh start.